 Dungeon Crawl Stone Soup version 0.22.1-5-g62c59d9 (webtiles) character file.

84 Tr0llz0r the Chopper (level 4, 0/33 HPs)
             Began as a Demonspawn Gladiator on Jan 7, 2019.
             Was an Initiate of Okawaru.
             Slain by a gnoll
             ... wielding a +0 halberd
              (4 damage)
             ... on level 3 of the Dungeon.
             The game lasted 00:05:54 (3227 turns).

Tr0llz0r the Chopper (Demonspawn Gladiator)         Turns: 3227, Time: 00:05:54

Health: 0/33       AC:  7    Str: 14 (16) XL:     4   Next: 23%
Magic:  4/4        EV: 12    Int: 12 (13) God:    Okawaru [......]
Gold:   60         SH:  0    Dex: 11 (14) Spells: 3/3 levels left

rFire    . . .     SeeInvis +   a - +0 war axe
rCold    + . .     Gourm    .   (no shield)
rNeg     . . .     Faith    .   b - +0 leather armour
rPois    .         Spirit   .   c - +0 helmet
rElec    .         Reflect  .   (no cloak)
rCorr    .         Harm     .   n - +2 pair of gloves
MR       .....                  (no boots)
Stlth    +.........             (no amulet)
HPRegen  0.11/turn              l - ring of see invisible
MPRegen  0.09/turn              k - +4 ring of intelligence

@: no status effects
A: hooves 1, cold resistance 1
a: Renounce Religion


You were on level 3 of the Dungeon.
You worshipped Okawaru.
Okawaru was noncommittal.
You were not hungry.

You visited 1 branch of the dungeon, and saw 3 of its levels.

You collected 60 gold pieces.

Inventory:

Hand Weapons
 a - a +0 war axe (weapon)
Missiles
 d - 3 throwing nets (quivered)
 e - 87 stones
 j - 17 bolts
 m - 17 arrows
Armour
 b - a +0 leather armour (worn)
 c - a +0 helmet (worn)
 g - a +0 hat
 n - a +2 pair of gloves (worn)
Jewellery
 k - a +4 ring of intelligence (right hand)
 l - a ring of see invisible (left hand)
Wands
 o - a wand of acid (5)
Scrolls
 h - 5 scrolls of enchant armour
 i - 4 scrolls of identify
Comestibles
 f - a ration


   Skills:
 + Level 2.3 Fighting
 + Level 3.9 Axes
 + Level 1.8 Throwing
 + Level 0.8 Armour
 + Level 3.2 Dodging


You had 3 spell levels left.
You didn't know any spells.
Your spell library was empty.

Dungeon Overview and Level Annotations

Branches:
Dungeon (3/15)

Altars:
Okawaru


Innate Abilities, Weirdness & Mutations

You have large cloven feet.
Your flesh is cold resistant. (rC+)


Message History

The gnoll hits you with a spear.
The gnoll hits you from afar with a halberd.
You barely miss the gnoll.
The gnoll is almost dead.
The gnoll hits you with a spear! The gnoll hits you but does no damage.
The gnoll hits you from afar with a halberd!
* * * LOW HITPOINT WARNING * * *
The gnoll barely misses you. x2
You slash the gnoll!
You kill the gnoll!
Okawaru accepts your kill. The gnoll barely misses you.
The gnoll closely misses you. The gnoll hits you but does no damage.
You see here a spear.
Your leather armour prevents you from hitting the gnoll.
You kick the gnoll.
The gnoll is moderately wounded.
You hit the gnoll. The gnoll hits you but does no damage.
The gnoll hits you with a halberd.
You die...

#. #.# ..
#.# .. #.##
#>.#
#<####.#
#..@g..#
#....g#...#
#...#..##.#
###...... #
.?.#.###
..#. .#
####. .. #.
###


You could see 2 gnolls.

Vanquished Creatures
  An adder (D:2)
  2 gnolls
  A worm (D:2)
  2 dart slugs (D:1)
  3 leopard geckos (D:1)
  6 goblins
  5 hobgoblins (D:1)
  7 bats
  11 frilled lizards
  5 kobolds
  2 rats (D:2)
45 creatures vanquished.

Notes
Turn   | Place    | Note
-------+----------+-------------------------------------------
     0 | D:1      | Tr0llz0r the Demonspawn Gladiator began the quest for the
                  | Orb.
     0 | D:1      | Reached XP level 1. HP: 16/16 MP: 1/1
   163 | D:1      | Gained mutation: You have large cloven feet. [demonic
                  | ancestry]
   163 | D:1      | Reached XP level 2. HP: 14/22 MP: 2/2
   680 | D:1      | Gained mutation: Your flesh is cold resistant. (rC+)
                  | [demonic ancestry]
   680 | D:1      | Reached XP level 3. HP: 19/27 MP: 3/3
  1412 | D:2      | Found an iron altar of Okawaru.
  1418 | D:2      | Became a worshipper of Warmaster Okawaru
  2729 | D:2      | Reached XP level 4. HP: 26/33 MP: 4/4
  3227 | D:3      | Slain by a gnoll

Skill      XL: |  1  2 |
---------------+-------+-----
Axes           | 3 |  3.9
Dodging        | 3 |  3.2
Fighting       | |  2.3
Throwing       | |  1.8
Armour         | |  0.8

Action                   |  1- 3 |  4- 6 || total
-------------------------+-------+-------++-------
Melee: War axe           |    90 |    13 ||   103
       Kick              |    14 |     2 ||    16
  Use: Scroll            |     6 |     1 ||     7
       Potion            |     4 |       ||     4
  Eat: Ration            |     2 |       ||     2
Armor: Leather armour    |    35 |     5 ||    40
Dodge: Dodged            |   143 |    19 ||   162
